cohdb
Replays
Latest Replays
All Replays
Popular Replays
Top Player Replays
Match Explorer
How It Works
Community
CoH3 Stats
Reddit
Sign in to upload your games and track your stats! →
Sign in with Steam
Match 19818373
Unlisted
Match 19818373
Overview
Messages
Build Orders
End
Vickers Machine Gun Team
Selects Air and Sea Battlegroup
Vickers Machine Gun Team
Construct Section Command Post
Infantry Section
Infantry Section
Infantry Section
Infantry Section
eiskalt24
MonoChrome
Kingcastle
Panzy Spliter
0
0
Comments
sign in to comment!
No comments posted yet!